[Event "Team 45 45 League T74"]
[Site "Internet Chess Club"]
[Date "2017.11.02"]
[Round "8"]
[White "jonesey"]
[Black "anna"]
[Result "1/2-1/2"]
[WhiteElo "1881"]
[BlackElo "1916"]
[Opening "Ruy Lopez: closed, Bogolyubov variation"]
[ECO "C91"]
[Time "18:03:05"]
[TimeControl "2700+45"]

1. e4 e5 2. Nf3 Nc6 3. Bb5 a6 4. Ba4 Nf6 5. O-O Be7 6. Re1 b5 7. Bb3 d6 8. c3
O-O 9. d4 Bg4 10. Be3 h6 11. Nbd2 Re8 12. Nf1 Bf8 13. Ng3 Na5 14. Bc2 Nc4 15.
Bc1 c5 16. b3 Nb6 17. Be3 Rc8 18. d5 g6 19. h3 Bxf3 20. Qxf3 Bg7 21. Ne2 Nh7 22.
Qg3 Nd7 23. h4 h5 24. Qh2 Ndf6 25. f3 Qe7 26. Kh1 Qd7 27. Rg1 a5 28. Raf1 Re7
29. g3 Kh8 30. Rg2 Rf8 31. Ng1 Ree8 32. Nh3 Kg8 33. Rfg1 Kh8 34. g4 Qd8 35. Ng5
Qd7 36. Bd1 Kg8 37. Rg3 hxg4 38. Nxh7 Kxh7 39. Bg5 Nh5 40. Rxg4 Rh8 41. Bd2 Kg8
42. c4 b4 43. Be2 Nf6 44. Rg5 Nh7 45. R5g3 Nf6 46. Rg5 Nh7 47. R5g3 Nf6 48. Rg5
{Game drawn by repetition} 1/2-1/2

[Event "Team 45 45 League T74"]
[Site "Internet Chess Club"]
[Date "2017.11.03"]
[Round "8"]
[White "vjbaker"]
[Black "fledermaus"]
[Result "1-0"]
[WhiteElo "1742"]
[BlackElo "1802"]
[Opening "Sicilian: Scheveningen variation"]
[ECO "B80"]
[Time "16:34:48"]
[TimeControl "2700+45"]

1. e4 c5 2. Nf3 e6 3. d4 cxd4 4. Nxd4 Nf6 5. Nc3 d6 6. Bg5 Be7 7. Qd2 a6 8.
O-O-O b5 9. a3 Bb7 10. f3 Nbd7 11. g4 Qc7 12. h4 O-O 13. Bxf6 Nxf6 14. h5 Bc8
15. g5 Ne8 16. g6 h6 17. Bh3 e5 18. Nd5 Bg5 19. f4 Bxf4 20. Nxf4 exf4 21. Nf5 d5
22. Rhg1 Bxf5 23. Bxf5 dxe4 24. Bxe4 Rc8 25. gxf7+ Kh8 26. fxe8=Q Rfxe8 27. Bf5
Rcd8 28. Qg2 Rxd1+ 29. Rxd1 {Black resigns} 1-0

[Event "Team 45 45 League T74"]
[Site "Internet Chess Club"]
[Date "2017.11.04"]
[Round "8"]
[White "sanjay2000"]
[Black "ChessRooklift"]
[Result "1-0"]
[WhiteElo "1596"]
[BlackElo "1681"]
[Opening "Scandinavian defense"]
[ECO "B01"]
[Time "11:15:29"]
[TimeControl "2700+45"]

1. e4 d5 2. exd5 Nf6 3. Bb5+ c6 4. dxc6 bxc6 5. Be2 e5 6. d3 Bc5 7. Nf3 O-O 8.
O-O Re8 9. Bg5 Nbd7 10. Nc3 h6 11. Bh4 Ba6 12. Re1 Qc7 13. Bg3 Nh5 14. Bxe5 Nxe5
15. Nxe5 Qxe5 16. Bxh5 Qd4 17. Qf3 g6 18. Bg4 h5 19. Bh3 f5 20. g3 Rad8 21. Ne2
Qe5 22. Nf4 Qxe1+ 23. Rxe1 Rxe1+ 24. Kg2 Rd6 25. Nxg6 Rxg6 26. Qxf5 Rg7 27. Qxc5
Rge7 28. Qxh5 c5 29. Qg6+ {Black resigns} 1-0

[Event "Team 45 45 League T74"]
[Site "Internet Chess Club"]
[Date "2017.11.05"]
[Round "8"]
[White "gomeschess"]
[Black "JJ12"]
[Result "1-0"]
[WhiteElo "2099"]
[BlackElo "2116"]
[Opening "Ruy Lopez: Archangelsk (counterthrust) variation"]
[ECO "C78"]
[Time "12:32:11"]
[TimeControl "2700+45"]

1. e4 e5 2. Nf3 Nc6 3. Bb5 a6 4. Ba4 Nf6 5. O-O b5 6. Bb3 Bb7 7. d3 Be7 8. Nc3
O-O 9. a4 b4 10. Nd5 Na5 11. Ba2 Bxd5 12. exd5 d6 13. c3 bxc3 14. bxc3 Qd7 15.
Re1 Rfe8 16. d4 e4 17. Nd2 Bf8 18. Nf1 c6 19. Ne3 c5 20. dxc5 dxc5 21. c4 Bd6
22. Bb2 Qd8 23. Qd2 Nb7 24. Nf5 Nh5 25. Qc2 Qg5 26. Rxe4 Nf4 27. g3 Nh5 28. h4
Qg6 29. Rae1 Rxe4 30. Qxe4 h6 31. Bb1 Kh7 32. Nxd6 Nxd6 33. Qf3 f5 34. Re6 Qf7
35. Rxd6 g6 36. Rxg6 Kxg6 37. Qg4+ {Black resigns} 1-0

[Event "Team 45 45 League T74"]
[Site "Internet Chess Club"]
[Date "2017.11.05"]
[Round "8"]
[White "Monterrey"]
[Black "hood"]
[Result "0-1"]
[WhiteElo "1936"]
[BlackElo "2046"]
[Opening "Grünfeld: exchange variation"]
[ECO "D85"]
[Time "17:01:06"]
[TimeControl "2700+45"]

1. d4 Nf6 2. c4 g6 3. Nc3 d5 4. cxd5 Nxd5 5. e4 Nxc3 6. bxc3 Bg7 7. Bg5 c5 8.
Rc1 O-O 9. Nf3 Bg4 10. d5 Nd7 11. Be2 c4 12. O-O Nc5 13. h3 Bxf3 14. Bxf3 Qc7
15. Qd2 b5 16. Rc2 Rab8 17. Rb1 Be5 18. Qe3 Rfe8 19. Be2 e6 20. dxe6 Nxe6 21.
Bh6 a6 22. g3 Bg7 23. Bxg7 Kxg7 24. Rd2 Qc5 25. Qxc5 Nxc5 26. f3 Rbd8 27. Rbd1
Rxd2 28. Rxd2 Na4 29. Rc2 f5 30. exf5 gxf5 31. Kf2 f4 32. gxf4 Kf6 33. Bf1 Kf5
34. Kg3 Rg8+ 35. Kf2 Kxf4 36. Rd2 Nxc3 37. Bxc4 bxc4 38. Rd4+ Ke5 39. Rxc4 Nxa2
40. Ra4 Nc1 41. Rxa6 Nd3+ 42. Ke3 Nf4 43. Rh6 Nd5+ 44. Kd3 Nf6 45. Ke3 Kf5 46.
Rh4 h5 47. Rd4 Rg2 48. h4 Rh2 49. Kd3 Rh3 50. Ke2 Rh2+ 51. Kd3 Ke5 52. Ra4 Nd5
53. Re4+ Kf5 54. Ra4 Nf4+ 55. Ke3 Rxh4 56. Ra5+ Kf6 57. Ra6+ Ne6 58. f4 Rg4 59.
Kf3 Rxf4+ 60. Kg3 Rc4 61. Kh3 Kf5 62. Ra3 Ng5+ 63. Kg3 Rg4+ 64. Kh2 Kf4 65. Ra4+
Ne4 66. Kh3 Ke3 67. Ra3+ Kd2 68. Ra2+ Kc1 69. Re2 Ng5+ 70. Kh2 Nf3+ {White
resigns} 0-1

[Event "Team 45 45 League T74"]
[Site "Internet Chess Club"]
[Date "2017.11.03"]
[Round "8"]
[White "soccerisfun"]
[Black "achessman"]
[Result "1-0"]
[WhiteElo "1997"]
[BlackElo "1884"]
[Opening "Caro-Kann: classical, Spassky variation"]
[ECO "B18"]
[Time "22:02:09"]
[TimeControl "2700+45"]

1. e4 c6 2. d4 d5 3. Nc3 dxe4 4. Nxe4 Bf5 5. Ng3 Bg6 6. Nf3 Nd7 7. h4 h6 8. h5
Bh7 9. Bd3 Bxd3 10. Qxd3 e6 11. c4 Bb4+ 12. Bd2 Qa5 13. Ne4 Bxd2+ 14. Nfxd2 Qc7
15. c5 Ngf6 16. Nd6+ Ke7 17. Qg3 Nd5 18. Qxg7 Raf8 19. O-O-O N7f6 20. Rde1 Rh7
21. Qg3 Rg8 22. Qa3 Rxg2 23. Qxa7 Rxf2 24. N2c4 Rg7 25. Rhg1 Nxh5 26. Qa8 Qd8
27. Qxb7+ Qc7 28. Qa8 Qd8 29. Qxc6 Rxg1 30. Rxg1 Nhf4 31. Ne5 Ne2+ 32. Kb1 Nxg1
33. Qb7+ Kf8 34. Nexf7 Qc7 35. Qa8+ Ke7 36. Qe8+ Kf6 37. Qh8+ Ke7 38. Ne5 Rf1+
39. Kc2 Rf2+ 40. Kb3 Ne2 41. Qg7+ Kd8 42. Qh8+ Ke7 43. Ng6+ Kd7 44. Qe8# {Black
checkmated} 1-0

[Event "Team 45 45 League T74"]
[Site "Internet Chess Club"]
[Date "2017.11.05"]
[Round "8"]
[White "bobhill"]
[Black "joebobpop"]
[Result "0-1"]
[WhiteElo "1918"]
[BlackElo "1917"]
[Opening "King's Indian: Torre attack"]
[ECO "A48"]
[Time "22:04:19"]
[TimeControl "2700+45"]

1. d4 Nf6 2. Nf3 g6 3. Bg5 Bg7 4. Nbd2 O-O 5. e4 d6 6. c3 Nbd7 7. Bc4 e5 8. dxe5
dxe5 9. O-O h6 10. Bxf6 Qxf6 11. a4 Nc5 12. b4 Ne6 13. Re1 Bd7 14. Bf1 Rad8 15.
Qc2 Ng5 16. Nxg5 Qxg5 17. Nf3 Qe7 18. h3 Kh8 19. Bc4 f5 20. Nh2 f4 21. f3 Bf6
22. Red1 h5 23. b5 Qc5+ 24. Qf2 Qxc4 25. g4 Be6 26. Qxa7 Qe2 27. Re1 Qb2 28.
Rab1 Qxc3 29. Qxb7 Rd2 30. Kh1 hxg4 31. Rbc1 Rc2 32. Rcd1 g3 33. Qc6 Rxh2+ 34.
Kg1 Qxf3 {White resigns} 0-1

[Event "Team 45 45 League T74"]
[Site "Internet Chess Club"]
[Date "2017.11.05"]
[Round "8"]
[White "LookImYourVader"]
[Black "Fianchettoed"]
[Result "1/2-1/2"]
[WhiteElo "1771"]
[BlackElo "1791"]
[Opening "Caro-Kann: Panov-Botvinnik attack"]
[ECO "B13"]
[Time "15:02:45"]
[TimeControl "2700+45"]

1. e4 c6 2. d4 d5 3. exd5 cxd5 4. c4 Nf6 5. Nc3 Nc6 6. Nf3 g6 7. cxd5 Nxd5 8.
Qb3 Nxc3 9. bxc3 Bg7 10. Bd3 O-O 11. O-O e5 12. Ba3 Re8 13. Bc4 Qf6 14. dxe5
Nxe5 15. Nxe5 Rxe5 16. Rfe1 Be6 17. Bxe6 Qxe6 18. Qxe6 Rxe6 19. Rxe6 fxe6 20.
Re1 Kf7 21. Re3 Rd8 22. g3 Rd2 23. Rf3+ Bf6 24. Bc5 Kg7 25. Bxa7 Rxa2 26. Bd4
Bxd4 27. cxd4 Rb2 28. h4 h5 29. Kf1 Rb6 30. Ke2 Rd6 31. Rb3 Rxd4 {Game drawn by
mutual agreement} 1/2-1/2

[Event "Team 45 45 League T74"]
[Site "Internet Chess Club"]
[Date "2017.11.05"]
[Round "8"]
[White "Zugzwanged"]
[Black "ColourfulChess"]
[Result "1-0"]
[WhiteElo "1726"]
[BlackElo "1679"]
[Opening "Scotch: Schmidt variation"]
[ECO "C45"]
[Time "17:00:45"]
[TimeControl "2700+45"]

1. e4 e5 2. Nf3 Nc6 3. d4 exd4 4. Nxd4 Nf6 5. Nc3 Bb4 6. Nxc6 bxc6 7. Bd3 O-O 8.
O-O d5 9. exd5 cxd5 10. Bg5 c6 11. Qf3 h6 12. Bf4 Bd6 13. h3 Be6 14. Rad1 Rb8
15. b3 Bxf4 16. Qxf4 Qa5 17. Qd2 Qb4 18. Rfe1 c5 19. Na4 Rfc8 20. Qxb4 Rxb4 21.
Be2 c4 22. c3 Rbb8 23. b4 a5 24. a3 axb4 25. axb4 Nd7 26. Bf3 Rb5 27. Nb2 Nb6
28. Kf1 Rd8 29. Rd4 g6 30. Ra1 Rd7 31. Nd1 Kg7 32. Ne3 Rc7 33. Rdd1 f5 34. Nc2
Nc8 35. Nd4 Rb6 36. Nxe6+ Rxe6 37. Bxd5 Rd6 38. Bf3 Rd3 39. Ke2 Rxc3 40. Rdc1
Rb3 41. Rab1 Rxb1 42. Rxb1 Nb6 43. b5 Rc5 44. Bc6 c3 45. Kd3 c2 46. Rc1 Rc4 47.
Rxc2 Ra4 48. Re2 Kf6 49. Re8 g5 50. Rb8 Nc4 51. Kc3 Ne5 52. Bd5 Ra3+ 53. Kb4 Ra1
54. Rb6+ Kg7 55. Rb7+ Kf6 56. Rb6+ Kg7 57. Rb8 Nd3+ 58. Kc4 Nxf2 59. b6 Ne4 60.
Rg8+ Kf6 61. Bxe4 fxe4 62. b7 Rc1+ 63. Kd4 {Black resigns} 1-0

[Event "Team 45 45 League T74"]
[Site "Internet Chess Club"]
[Date "2017.11.04"]
[Round "8"]
[White "a-man"]
[Black "bookseller"]
[Result "1-0"]
[WhiteElo "1697"]
[BlackElo "1688"]
[Opening "QGD Slav: 3.Nf3"]
[ECO "D11"]
[Time "13:01:21"]
[TimeControl "2700+45"]

1. d4 d5 2. c4 c6 3. Nf3 Nf6 4. g3 Bf5 5. Nc3 e6 6. Nh4 Be4 7. f3 Bg6 8. Qb3 Qc8
9. Bh3 Nbd7 10. Bg5 dxc4 11. Qxc4 Nb6 12. Qb3 Qd8 13. Rd1 Be7 14. e4 O-O 15.
Nxg6 hxg6 16. O-O Nh5 17. Bxe7 Qxe7 18. e5 Rad8 19. f4 Nd5 20. Nxd5 Rxd5 21. g4
Rb5 22. Qc3 Nxf4 23. Rxf4 g5 24. Rf2 Rd5 25. Bg2 Rd7 26. Be4 g6 27. Rdf1 Kg7 28.
Rf6 Rh8 29. Qd3 Qe8 30. Qe3 Rh6 31. Qxg5 Rxd4 32. Rxf7+ Qxf7 33. Rxf7+ Kxf7 34.
Qxh6 Rxe4 35. Qh7+ Ke8 36. Qxg6+ Ke7 37. Qxe4 {Black resigns} 1-0

[Event "Team 45 45 League T74"]
[Site "Internet Chess Club"]
[Date "2017.11.01"]
[Round "8"]
[White "pokerram"]
[Black "RonaldoR"]
[Result "1/2-1/2"]
[WhiteElo "1529"]
[BlackElo "1619"]
[Opening "Queen's pawn game, Darooha variation "]
[ECO "D02"]
[Time "18:00:22"]
[TimeControl "2700+45"]

1. Nf3 d5 2. d4 Nf6 3. c4 e6 4. g3 Bb4+ 5. Bd2 Be7 6. cxd5 exd5 7. Nc3 c6 8. Bg2
O-O 9. Qc2 Nbd7 10. O-O Bd6 11. Rfe1 Re8 12. Bg5 h6 13. Bxf6 Nxf6 14. Nd2 Be6
15. e4 dxe4 16. Ndxe4 Nxe4 17. Bxe4 Be7 18. Rad1 Bf6 19. d5 Bxd5 20. Nxd5 cxd5
21. Rxd5 Qxd5 22. Bxd5 Rxe1+ 23. Kg2 Re7 24. Qb3 {Game drawn by mutual
agreement} 1/2-1/2

[Event "Team 45 45 League T74"]
[Site "Internet Chess Club"]
[Date "2017.11.04"]
[Round "8"]
[White "Ajolote"]
[Black "LinceHispano44"]
[Result "1-0"]
[WhiteElo "1820"]
[BlackElo "1721"]
[Opening "French: Chigorin variation"]
[ECO "C00"]
[Time "14:00:15"]
[TimeControl "2700+45"]

1. e4 e6 2. Qe2 c5 3. Nc3 Ne7 4. Nf3 d5 5. exd5 Nxd5 6. g3 Be7 7. Bg2 O-O 8. O-O
Nc6 9. d3 Bf6 10. Ne4 Be7 11. c3 b6 12. Rd1 Bb7 13. d4 cxd4 14. Nxd4 Nxd4 15.
Rxd4 Qc8 16. c4 Nf6 17. Bf4 Nxe4 18. Bxe4 Bxe4 19. Qxe4 Bc5 20. Rd3 Qa6 21. Bc7
b5 22. b3 bxc4 23. bxc4 Rac8 24. Rd7 Qa4 25. Qd3 Qc6 26. Ba5 e5 27. Qd5 Bd4 28.
Qxc6 Rxc6 29. Rc1 h5 30. Bb4 Rfc8 31. c5 Ra6 32. a3 Rcc6 33. Rc2 Kf8 34. Kg2 Ke8
35. Rd5 Ke7 36. Re2 Kf8 37. Rd8+ Ke7 38. Rxd4 {Black resigns} 1-0

[Event "Team 45 45 League T74"]
[Site "Internet Chess Club"]
[Date "2017.11.04"]
[Round "8"]
[White "Packerfan"]
[Black "fireball"]
[Result "1-0"]
[WhiteElo "1739"]
[BlackElo "1606"]
[Opening "KP: Nimzovich defense"]
[ECO "B00"]
[Time "15:35:50"]
[TimeControl "2700+45"]

1. e4 Nc6 2. d4 d5 3. e5 Bf5 4. Nf3 e6 5. Bd3 Bg6 6. c3 Nge7 7. Bg5 Qd7 8. O-O
h6 9. Bh4 Nf5 10. Qe2 Nxh4 11. Nxh4 Bxd3 12. Qxd3 Be7 13. Nf3 O-O-O 14. Nbd2 g5
15. b4 g4 16. Ne1 f5 17. exf6 Bxf6 18. f4 Rdg8 19. Nb3 h5 20. a4 Qd6 21. a5 Ne7
22. Nc5 Nf5 23. Nc2 Bg7 24. Qb5 Qc6 25. Qxc6 bxc6 26. Nxe6 Kd7 27. Rae1 Bh6 28.
Nc5+ Kc8 29. Re5 Rf8 30. Ne6 Rf6 31. Ne3 Nxe3 32. Rxe3 Re8 33. Rfe1 Bxf4 34.
Nxf4 Rxe3 35. Rxe3 Rxf4 36. Re5 Re4 37. Rxe4 dxe4 38. Kf2 Kd7 39. Ke3 Kd6 40.
Kxe4 Ke6 41. g3 a6 42. c4 Kf6 43. Kf4 Kg6 44. b5 cxb5 45. cxb5 {Black resigns}
1-0

[Event "Team 45 45 League T74"]
[Site "Internet Chess Club"]
[Date "2017.11.05"]
[Round "8"]
[White "Insan996"]
[Black "kutch"]
[Result "1-0"]
[WhiteElo "1688"]
[BlackElo "1589"]
[Opening "Queen's Indian: 4.Nc3"]
[ECO "E12"]
[Time "21:28:13"]
[TimeControl "2700+45"]

1. d4 Nf6 2. Nf3 e6 3. c4 b6 4. Nc3 Bb4 5. e3 Bb7 6. Be2 Ne4 7. Qc2 O-O 8. O-O
Bxc3 9. bxc3 f5 10. a4 a5 11. Ba3 d6 12. Rab1 Nd7 13. Rfd1 Rf6 14. c5 dxc5 15.
dxc5 Qe8 16. cxb6 Nxb6 17. Bb5 Bc6 18. c4 Rg6 19. Ne5 Bxb5 20. Nxg6 Bxa4 21. Qd3
Bxd1 22. Ne7+ Kf7 23. Rxd1 c5 24. f3 Nf2 25. Kxf2 Qxe7 26. Bb2 Qh4+ 27. Kg1 Qxc4
28. Qd6 Qb3 29. Qc7+ Kg6 30. Qxg7+ Kh5 31. Qxh7+ Kg5 32. h4# {Black checkmated}
1-0

[Event "Team 45 45 League T74"]
[Site "Internet Chess Club"]
[Date "2017.11.05"]
[Round "8"]
[White "seattleblues"]
[Black "smsxman"]
[Result "1-0"]
[WhiteElo "1361"]
[BlackElo "1276"]
[Opening "Queen's pawn"]
[ECO "A40"]
[Time "06:01:30"]
[TimeControl "2700+45"]

1. d4 e6 2. Nf3 g6 3. c4 Bg7 4. Nc3 b6 5. Bf4 d6 6. e3 Nf6 7. Be2 Nh5 8. Bg5 Bf6
9. Bxf6 Qxf6 10. O-O Bb7 11. Nd2 Qg5 12. Bf3 Nc6 13. Qa4 b5 14. cxb5 Nd8 15. b6+
c6 16. Nce4 Qe7 17. bxa7 O-O 18. Qa3 c5 19. dxc5 Bxe4 20. cxd6 Qd7 21. Nxe4 Rxa7
22. Bxh5 f5 23. Nc5 Rxa3 24. Nxd7 Ra7 25. Nxf8 gxh5 26. Nxe6 Nxe6 27. Rfd1 Kf7
28. a3 Rd7 29. Rac1 f4 30. exf4 Nxf4 31. Rc7 Ke6 32. Rxd7 Kxd7 33. Kf1 h4 34. a4
h3 35. g3 Ne6 36. a5 Nc5 37. b4 Nb7 38. a6 {Black resigns} 1-0

[Event "Team 45 45 League T74"]
[Site "Internet Chess Club"]
[Date "2017.11.06"]
[Round "8"]
[White "Just-Jim"]
[Black "rkjulianjr"]
[Result "1-0"]
[WhiteElo "1383"]
[BlackElo "1281"]
[Opening "Queen's pawn game, Darooha variation "]
[ECO "D02"]
[Time "18:16:57"]
[TimeControl "2700+45"]

1. Nf3 d5 2. d4 Nf6 3. Nc3 Bf5 4. Bf4 e6 5. Nb5 Bd6 6. Nxd6+ cxd6 7. c3 O-O 8.
h3 Nc6 9. e3 e5 10. dxe5 dxe5 11. Nxe5 Re8 12. Bb5 Rxe5 13. Bxe5 Nxe5 14. f4 Nc4
15. Bxc4 dxc4 16. Qxd8+ Rxd8 17. O-O Bd3 18. Rad1 Ne4 19. g4 h6 20. f5 Kh7 21.
Rf4 b5 22. Rxe4 Rd7 23. Re5 a6 24. h4 g6 25. g5 h5 26. f6 Kg8 27. Re7 Rd6 28.
Re8+ Kh7 29. Rf8 Rd7 30. e4 Ra7 31. e5 Rd7 32. Re8 Rd5 33. e6 Re5 34. Re7 Re3
35. Rxf7+ Kg8 36. Rg7+ Kf8 37. e7+ Ke8 38. Rg8+ Kd7 39. Rd8+ Kc7 40. e8=Q Rg3+
41. Kf2 Rg4 42. Rd7+ Kb6 43. Qd8+ Kc5 44. Qc7# {Black checkmated} 1-0

[Event "Team 45 45 League T74"]
[Site "Internet Chess Club"]
[Date "2017.11.03"]
[Round "8"]
[White "joaoazm"]
[Black "stantheman59"]
[Result "1-0"]
[WhiteElo "1356"]
[BlackElo "1250"]
[Opening "English opening"]
[ECO "A05"]
[Time "20:01:50"]
[TimeControl "2700+45"]

1. Nf3 Nf6 2. c4 g6 3. g3 c6 4. Bg2 d6 5. d4 Bg7 6. O-O O-O 7. Nc3 Bg4 8. Qb3
Bxf3 9. Bxf3 Qc7 10. Bg2 Nbd7 11. e4 e5 12. dxe5 Nxe5 13. Rd1 Ned7 14. Bf4 Nc5
15. Qa3 Rfd8 16. Qxc5 Bf8 17. Qa3 Rd7 18. Kf1 Nh5 19. Be3 d5 20. Qa4 dxc4 21.
Qxc4 Rxd1+ 22. Rxd1 b5 23. Nxb5 Qe7 24. Qxc6 Rd8 25. Rb1 Rd7 26. Qa6 Qd8 27. Bf3
Rd3 28. Nxa7 Nf6 29. e5 Ne4 30. Bxe4 Rd1+ 31. Rxd1 Qxd1+ 32. Kg2 Qg4 33. f3 Qd7
34. Qc8 Qa4 35. Bc5 {Black resigns} 1-0

[Event "Team 45 45 League T74"]
[Site "Internet Chess Club"]
[Date "2017.11.06"]
[Round "8"]
[White "UrsaMajor"]
[Black "rubo"]
[Result "0-1"]
[WhiteElo "1503"]
[BlackElo "1578"]
[Opening "Two knights defense"]
[ECO "C55"]
[Time "21:05:51"]
[TimeControl "2700+45"]

1. e4 e5 2. Nf3 Nc6 3. Bc4 Nf6 4. O-O Bc5 5. Re1 d6 6. h3 O-O 7. c3 h6 8. d4
exd4 9. cxd4 Bb6 10. a3 Bd7 11. Nc3 a6 12. b4 Qe8 13. Bb2 Ba7 14. Bb3 b5 15. Rc1
Qc8 16. Bc2 Bb6 17. Ne2 Re8 18. Ng3 Re7 19. Qd3 Qe8 20. e5 dxe5 21. dxe5 Nxe5
22. Nxe5 Rd8 23. Rcd1 c6 24. Kf1 Be6 25. Qe2 Rd5 26. Rxd5 Bxd5 27. f4 Bc7 28.
Be4 Nxe4 29. Nxe4 Bxe5 30. Qc2 Bxb2 31. Qxb2 Rxe4 {White resigns} 0-1

[Event "Team 45 45 League T74"]
[Site "Internet Chess Club"]
[Date "2017.11.03"]
[Round "8"]
[White "nosir"]
[Black "mongmong"]
[Result "0-1"]
[WhiteElo "1393"]
[BlackElo "1493"]
[Opening "Queen's pawn"]
[ECO "A40"]
[Time "18:00:49"]
[TimeControl "2700+45"]

1. d4 e6 2. Bf4 Nf6 3. e3 c5 4. c3 cxd4 5. cxd4 Bb4+ 6. Nc3 Ne4 7. Qc2 Qa5 8.
Rc1 Nxc3 9. bxc3 Be7 10. Bd3 b6 11. Nf3 Ba6 12. O-O Bxd3 13. Qxd3 O-O 14. Rc2
Qa6 15. Qxa6 Nxa6 16. e4 d6 17. h3 Rfc8 18. Rb1 Rc7 19. d5 Rac8 20. Bd2 Rc4 21.
Re1 Nb4 22. Rec1 Nxc2 23. Rxc2 b5 24. a3 a5 25. dxe6 fxe6 26. e5 d5 27. Rb2 Rb8
28. Nd4 Bxa3 29. Rxb5 Rxb5 30. Nxb5 Bb2 31. Kf1 a4 {White resigns} 0-1

[Event "Team 45 45 League T74"]
[Site "Internet Chess Club"]
[Date "2017.11.04"]
[Round "8"]
[White "losscause"]
[Black "zethhon"]
[Result "0-1"]
[WhiteElo "1425"]
[BlackElo "1398"]
[Opening "Torre attack (Tartakower variation)"]
[ECO "D03"]
[Time "21:01:31"]
[TimeControl "2700+45"]

1. d4 d5 2. Nf3 Nf6 3. Bg5 e6 4. e3 Be7 5. Bd3 O-O 6. O-O b6 7. Nbd2 Bb7 8. c4
Nbd7 9. Ne5 h6 10. Bh4 c5 11. Nxd7 Qxd7 12. Rc1 cxd4 13. Bxf6 Bxf6 14. cxd5 dxe3
15. fxe3 Bxd5 16. Nf3 Bxb2 17. Rc2 Bf6 18. Rff2 Rfd8 {White resigns} 0-1

[Event "Team 45 45 League T74"]
[Site "Internet Chess Club"]
[Date "2017.11.02"]
[Round "8"]
[White "g8wrb"]
[Black "smsxman"]
[Result "1-0"]
[WhiteElo "1312"]
[BlackElo "1289"]
[Opening "Ruy Lopez: Cozio defense"]
[ECO "C60"]
[Time "13:03:37"]
[TimeControl "2700+45"]

1. e4 e5 2. Nf3 Nc6 3. Bb5 Nge7 4. c3 d6 5. d4 Bg4 6. dxe5 dxe5 7. Qxd8+ Rxd8 8.
O-O g6 9. Nxe5 Bd7 10. Nxd7 Rxd7 11. Be3 a6 12. Bc4 Bg7 13. Nd2 O-O 14. Nf3 b5
15. Bb3 a5 16. Rad1 Rxd1 17. Rxd1 a4 18. Bc2 b4 19. Bxa4 bxc3 20. bxc3 Ra8 21.
Bb3 Bxc3 22. Rd7 Ba5 23. Ng5 Rb8 24. Bxf7+ Kg7 25. Bb3 h6 26. Ne6+ Kf6 27. Nxc7
Nb4 28. Bd4+ Kg5 29. Rxe7 Nc6 30. Ne6+ Kg4 31. Bd1+ Kh4 32. g3+ Kh3 33. Nf4#
{Black checkmated} 1-0

[Event "Team 45 45 League T74"]
[Site "Internet Chess Club"]
[Date "2017.11.03"]
[Round "8"]
[White "Constrictor"]
[Black "tuotuo123"]
[Result "1-0"]
[WhiteElo "1533"]
[BlackElo "1504"]
[Opening "Sicilian: Canal-Sokolsky (Nimzovich-Rossolimo, Moscow) attack"]
[ECO "B51"]
[Time "20:06:52"]
[TimeControl "2700+45"]

1. e4 c5 2. Nf3 d6 3. Bb5+ Nc6 4. O-O a6 5. Bxc6+ bxc6 6. c3 Nf6 7. Re1 e5 8. d4
cxd4 9. cxd4 Bg4 10. dxe5 Bxf3 11. Qxf3 dxe5 12. Qc3 Qd6 13. a3 Rd8 14. Nd2 Qc5
15. Qxc5 Bxc5 16. Nf3 Ng4 17. Be3 Nxe3 18. fxe3 f6 19. Rac1 Ba7 20. Rxc6 O-O 21.
Rxa6 Ra8 22. Rc6 Rfd8 23. Rc3 Rab8 24. b4 Rbc8 25. Rb3 Rc4 26. b5 Bb6 27. Kf2
Rxe4 28. Ra1 Rc8 29. a4 Rc2+ 30. Kf1 Rxe3 31. Rxe3 Bxe3 32. a5 Rf2+ 33. Ke1 Rxg2
34. a6 Ba7 35. Rd1 h5 36. Rd7 Rb2 37. Rxa7 Rxb5 38. Rb7 Ra5 39. a7 Kh7 40. Nh4
e4 41. Nf5 Kg6 42. Nd6 e3 43. Nc4 Ra1+ 44. Ke2 f5 45. Nb6 Ra2+ 46. Kxe3 Ra3+ 47.
Kf4 Kf6 48. h4 g5+ 49. hxg5+ Kg6 50. a8=Q Rxa8 51. Nxa8 h4 52. Rb6+ Kh7 53. Kxf5
h3 54. Rh6+ Kg7 55. Rxh3 {Black resigns} 1-0

[Event "Team 45 45 League T74"]
[Site "Internet Chess Club"]
[Date "2017.11.04"]
[Round "8"]
[White "kwen2008"]
[Black "stanbeers"]
[Result "0-1"]
[WhiteElo "1590"]
[BlackElo "1372"]
[Opening "Sicilian: Hungarian variation"]
[ECO "B27"]
[Time "20:02:36"]
[TimeControl "2700+45"]

1. e4 c5 2. Nf3 g6 3. d4 cxd4 4. Nxd4 Bg7 5. Be3 Nc6 6. Be2 Nf6 7. Nc3 O-O 8.
O-O a6 9. Qd2 Re8 10. Rad1 e5 11. Nb3 Qc7 12. Nd5 Nxd5 13. exd5 Nd4 14. Nxd4
exd4 15. Bf4 d6 16. Rfe1 Bf5 17. Bd3 Rxe1+ 18. Rxe1 Bxd3 19. Qxd3 Qd7 20. Qe2
Bf6 21. Bg3 Rd8 22. h3 Qf5 23. Rd1 Qxd5 24. c3 Qxa2 25. cxd4 Qa4 26. Qf3 Bg7 27.
b3 Qb4 28. Bh4 Re8 29. Kh2 Bxd4 30. Bg3 Be5 31. Bxe5 dxe5 32. Rd7 Re7 33. Rd8+
Kg7 34. Qe2 Qxb3 35. f4 Qb6 36. Rd5 e4 37. Rd2 Qc7 38. g3 b5 39. Ra2 Qb7 40. Qe3
Rd7 41. Qc3+ f6 42. Re2 b4 43. Qb3 a5 44. Kg1 Rd3 45. Qc2 Rxg3+ 46. Kh2 Rd3 47.
Qc4 Rd7 48. Rxe4 Rc7 49. Qe2 b3 50. Qe1 b2 51. Qb1 Qb5 52. Re1 a4 53. Re2 Qxe2+
{White resigns} 0-1

[Event "Team 45 45 League T74"]
[Site "Internet Chess Club"]
[Date "2017.11.05"]
[Round "8"]
[White "rkaebi"]
[Black "dinosaurchess"]
[Result "0-1"]
[WhiteElo "1403"]
[BlackElo "1385"]
[Opening "Scotch gambit"]
[ECO "C44"]
[Time "13:05:27"]
[TimeControl "2700+45"]

1. e4 e5 2. Nf3 Nc6 3. d4 exd4 4. Bc4 Bc5 5. c3 dxc3 6. Bxf7+ Kxf7 7. Qd5+ Ke8
8. Qxc5 cxb2 9. Bxb2 Nf6 10. e5 d6 11. exd6 cxd6 12. Qc3 Qe7+ 13. Qe3 Qxe3+ 14.
fxe3 Bg4 15. Nbd2 Kd7 16. Kf2 Rae8 17. Nd4 Nxd4 18. Bxd4 Rhf8 19. Bxa7 Ne4+ 20.
Ke1 Nxd2 21. Kxd2 Rf2+ 22. Kd3 Rxg2 23. Bd4 Bf5+ 24. Kc3 Rc8+ 25. Kb3 Be6+ 26.
Ka3 Ra8+ 27. Kb4 g6 28. a3 Rc2 29. Rac1 Ra2 30. Rc3 Rb2+ 31. Rb3 Rxb3# {White
checkmated} 0-1

[Event "Team 45 45 League T74"]
[Site "Internet Chess Club"]
[Date "2017.11.05"]
[Round "8"]
[White "skywise"]
[Black "dabodhi"]
[Result "1-0"]
[WhiteElo "1540"]
[BlackElo "1323"]
[Opening "Philidor: Improved Hanham variation"]
[ECO "B07"]
[Time "20:04:42"]
[TimeControl "2700+45"]

1. d4 d6 2. e4 Nf6 3. Nc3 Nbd7 4. Nf3 e5 5. dxe5 dxe5 6. Bc4 Bb4 7. O-O O-O 8.
Nd5 Bc5 9. Bg5 c6 10. Nxf6+ Nxf6 11. Nxe5 Qe7 12. Nd3 Qxe4 13. Bxf7+ Rxf7 14.
Nxc5 Qf5 15. Be3 Ng4 16. Nb3 Qe5 17. Qd8+ Rf8 18. Qh4 Qxb2 19. h3 Nf6 20. Qc4+
Kh8 21. Bd4 Qa3 22. Bc5 Qb2 23. Bxf8 Qe5 24. Qf7 Nh5 25. Bd6 Be6 26. Qxb7 Rg8
27. Bxe5 {Black forfeits on time} 1-0